 Dungeon Crawl Stone Soup version 0.29-a0-887-gcbe080d7e0 (webtiles) character file.

Game seed: 13231452172967405407

39 zeratav the Stinger (level 3, 0/21 HPs)
             Began as an Octopode Venom Mage on July 21, 2022.
             Slain by a quokka (1 damage)
             ... on level 2 of the Dungeon.
             The game lasted 00:02:48 (1131 turns).

zeratav the Stinger (Octopode Venom Mage)           Turns: 1131, Time: 00:02:48

Health: 0/21       AC:  1    Str:  7    XL:     3   Next: 47%
Magic:  6/6        EV: 13    Int: 19    God:
Gold:   53         SH:  0    Dex: 12    Spells: 5/6 levels left

rFire   . . .      SeeInvis .   f - +0 dagger {short}
rCold   . . .      Faith    .   (no shield)
rNeg    . . .      Spirit   .   (helmet restricted)
rPois   .          Reflect  .   (no amulet)
rElec   .          Harm     .   (no ring)
rCorr   .          Rampage  .   (no ring)
Will    .....                   (no ring)
Stlth   +++.......              (no ring)
HPRegen 0.07/turn               (no ring)
MPRegen 0.10/turn               (no ring)
                                (no ring)
                                (no ring)

@: no status effects
A: almost no armour, amphibious, 8 rings, camouflage 1, gelatinous body 1,
(nimble swimmer 1), tentacles
a: no special abilities


You were on level 2 of the Dungeon.
You visited 1 branch of the dungeon, and saw 2 of its levels.

You collected 53 gold pieces.


Innate Abilities, Weirdness & Mutations

You cannot wear most types of armour.
You are amphibious.
You can wear up to eight rings at the same time.
Your skin changes colour to match your surroundings (Stealth+).
Your rubbery body absorbs attacks. (AC +1, EV +1)
((You are camouflaged when in or above water. (Stealth+)))
You have tentacles for arms and can constrict up to eight enemies at once.


   Skills:
 - Level 2.0 Dodging
 + Level 4.2 Stealth
 - Level 2.0 Spellcasting
 - Level 1.0 Transmutations
 + Level 4.5 Poison Magic


You had 5 spell levels left.
You knew the following spells:

 Your Spells              Type           Power      Damage    Failure   Level
a - Sting                 Tmut/Pois      48%        1d5       5%          1

Your spell library contained the following spells:

 Spells                   Type           Power      Damage    Failure   Level
 Poisonous Vapours        Pois/Air       20%        N/A       10%         2
 Mephitic Cloud           Conj/Pois/Air  7%         N/A       26%         3
 Olgreb's Toxic Radiance  Pois           19%        N/A       26%         4

Inventory:

Hand Weapons
 f - a +0 dagger (weapon) {short}
   (You took it off a kobold on level 1 of the Dungeon)
Scrolls
 b - a scroll of butterflies {unknown}
 e - a scroll of identify {unknown}
 h - 3 scrolls of torment {unknown}
 i - a scroll of noise {unknown}
Potions
 a - a potion of magic
 c - a potion of might {unknown}
 d - a potion of lignification {unknown}
 g - a potion of degeneration {unknown}

Dungeon Overview and Level Annotations

Branches:
Dungeon (2/15) Zot: 10868

Altars:

#############
#.....@r....###########
...###!###.............#
.....##....†.......#
#..#.#..#............#
...#!# #K†............#
..#. # #..#............#
. # ....##............#
##.###.............# ..
..#.......#####


You could see a quokka.


Message History

You barely miss the jackal. You constrict the jackal. The jackal bites you.
The bat closely misses you.
You hit the jackal. Your squeeze misses the jackal.
You constrict the jackal, but do no damage.
The bat misses you. The jackal bites you.
A bat comes into view.
The kobold shouts!
You hit the jackal. You constrict the jackal. The jackal barely misses you.
The bat hits you but does no damage. The jackal bites you.
The bat barely misses you.
You hit the jackal.
You kill the jackal!
The bat hits you. The adder closely misses you.
Your Stealth skill increases to level 4!
You hit the adder but do no damage. Your grab misses the adder.
The bat hits you but does no damage. The adder barely misses you.
The bat hits you but does no damage.
You closely miss the adder. You grab the adder. You constrict the adder.
The bat misses you. The bat closely misses you.
The bat hits you but does no damage. The adder barely misses you.
HP[-7]
You take 7 damage, and now have 14/21 hp.
MASSIVE DAMAGE!! (PAUSE)
You hit the adder but do no damage. You constrict the adder.
The bat closely misses you. The bat barely misses you.
The bat hits you but does no damage. The adder closely misses you.
The adder completely misses you.
You hit the adder. You constrict the adder. The bat barely misses you.
The bat misses you. The adder bites you.
You are poisoned.
The adder poisons you!
HP[-1]
You take 1 damage, and now have 13/21 hp.
You hit the adder. You squeeze the adder. You constrict the adder.
You kill the adder!
You feel sick. The bat hits you but does no damage. The bat misses you.
You hit the giant cockroach but do no damage.
You grab the giant cockroach.
You squeeze the giant cockroach, but do no damage.
You constrict the giant cockroach.
You feel sick.
The bat hits you but does no damage. x2; The giant cockroach barely misses you.
The giant cockroach bites you.
* * * LOW HITPOINT WARNING * * *
You are too injured to fight recklessly!
You are too injured to fight recklessly!
HP[-4]
You take 4 damage, and now have 9/21 hp.
You are too injured to fight recklessly!
You are too injured to fight recklessly!
You are too injured to fight recklessly!
You are too injured to fight recklessly!
You are too injured to fight recklessly!
You are too injured to fight recklessly!
You are too injured to fight recklessly!
You are too injured to fight recklessly!
You are too injured to fight recklessly!
You are too injured to fight recklessly!
You are too injured to fight recklessly!
Unknown command.
You release your grip on the giant cockroach.
The bat attacks as you move away! The bat barely misses you.
You feel sick. The bat hits you but does no damage.
The giant cockroach closely misses you. The bat misses you.
HP[-1]
You take 1 damage, and now have 8/21 hp.
You feel sick. The bat misses you. The bat closely misses you.
HP[-1]
You take 1 damage, and now have 7/21 hp.
The bat attacks as you move away! The bat closely misses you.
You feel sick.
You are no longer poisoned.
The bat hits you.
* * * LOW HITPOINT WARNING * * *
The bat hits you.
* * * LOW HITPOINT WARNING * * *
HP[-3]
You take 3 damage, and now have 4/21 hp.
The bat closely misses you. The bat barely misses you.
The bat attacks as you move away! The bat completely misses you.
The bat misses you. The bat closely misses you.
You hit the bat.
You kill the bat!
The bat hits you but does no damage. The bat closely misses you.
You hit the bat. You grab the bat. You squeeze the bat.
You kill the bat!
You closely miss the giant cockroach. You grab the giant cockroach.
You squeeze the giant cockroach.
You kill the giant cockroach!
You hit the quokka but do no damage. Your grab misses the quokka.
Your squeeze misses the quokka.
The quokka bites you but does no damage.
The quokka misses you.
HP[+1]
You miss the quokka. Your grab misses the quokka. The quokka bites you.
* * * LOW HITPOINT WARNING * * *
HP[-4]
You take 4 damage, and now have 1/21 hp.
You hit the quokka. You grab the quokka. You constrict the quokka.
The quokka bites you.
You die...

Skill      XL: |  1  2  3 |
---------------+----------+-----
Stealth        | 3 4 |  4.2
Poison Magic   | 4 |  4.5
Dodging        | |  2.0
Spellcasting   | |  2.0
Transmutations | |  1.0

Action                   || total
-------------------------++-------
Melee: Unarmed           ||    19
       Constrict         ||    14
       Tentacles         ||    10
       Dagger            ||    28
 Cast: Sting             ||    21
 Stab: Sleeping          ||     6
Armor: Skin              ||    19
Dodge: Dodged            ||    57

Levels and vault maps discovered:
D:1:      lightli_arrival_boilingwater, layout_basic, serial_bayou_pond_a
D:2:      layout_basic, minmay_box_of_dots

Notes
Turn   | Place    | Note
-------+----------+-------------------------------------------
     0 | D:1      | zeratav the Octopode Venom Mage began the quest for the
                  | Orb.
     0 | D:1      | Reached XP level 1. HP: 11/11 MP: 3/3
     0 | D:1      | magus.rc [v1.9.6]
   129 | D:1      | Reached skill level 3 in Stealth
   342 | D:1      | Reached XP level 2. HP: 12/17 MP: 0/5
   445 | D:1      | Reached skill level 4 in Poison Magic
  1045 | D:2      | Reached XP level 3. HP: 21/21 MP: 6/6
  1114 | D:2      | Reached skill level 4 in Stealth
  1122 | D:2      | HP: 5/21 [bat (1)]
  1130 | D:2      | HP: 1/21 [quokka (4)]
  1131 | D:2      | Slain by a quokka

Vanquished Creatures
  An adder (D:2)
  A dart slug (D:1)
  6 bats
  An endoplasm (D:2)
  3 giant cockroaches
  A goblin (D:2)
  2 hobgoblins (D:1)
  4 jackals
  A quokka (D:2)
  A ball python (D:2)
  3 frilled lizards (D:1)
  2 kobolds (D:1)
  2 rats (D:1)
28 creatures vanquished.

Table legend:
 A = Non-vault XP
 B = Vault XP
 C = Vault XP percentage of total XP
 D = Non-vault monster count
 E = Vault monster count
 F = Vault count percentage of total count
                 A         B        C        D         E       F
            +---------+---------+-------+---------+---------+-------
      Total |      40 |      17 |  29.8 |      25 |       3 |  10.7
            +---------+---------+-------+---------+---------+-------
        D:1 |      31 |       0 |   0.0 |      19 |       0 |   0.0
        D:2 |       9 |      17 |  65.4 |       6 |       3 |  33.3
            +---------+---------+-------+---------+---------+-------

Illustrated notes

Table legend:
 A = Kills in this place as a percentage of kills in entire the game.
 B = Kills by you in this place as a percentage of kills by you in the entire game.
 C = Kills by friends in this place as a percentage of kills by friends in the entire game.
 D = Other kills in this place as a percentage of other kills in the entire game.
 E = Experience gained in this place as a percentage of experience gained in the entire game.
 F = Experience gained in this place divided by the number of levels of this place that you have seen.
                   A       B       C       D       E      F
               +-------+-------+-------+-------+-------+----------------------
         Total | 100.0 | 100.0 |   N/A |   N/A | 100.0 |  28.5
       Dungeon | 100.0 | 100.0 |   N/A |   N/A | 100.0 |  28.5
               +-------+-------+-------+-------+-------+----------------------

Table legend: (Time is in decaauts)
 A = Elapsed time spent in this place.
 B = Non-inter-level travel time spent in this place.
 C = Inter-level travel time spent in this place.
 D = Time resting spent in this place.
 E = Time spent auto-exploring this place.
 F = Levels seen in this place.
 G = Mean time per level.
                   A        B        C        D        E       F      G
               +--------+--------+--------+--------+--------+-----+--------+
         Total |   1130 |   1108 |     22 |    203 |    734 |   2 |  565.0 |
       Dungeon |   1130 |   1108 |     22 |    203 |    734 |   2 |  565.0 |
               +--------+--------+--------+--------+--------+-----+--------+

Top non-repeatable levels by time:
     D:1: 993 daAuts
     D:2: 136 daAuts
